 Dungeon Crawl Stone Soup version 0.24.0-37-gcf1ca852f1 (webtiles) character file.

Game seed: 6686296235006919701, levelgen mode: deterministic

50 lepoulpe303 the Poker (level 3, -1/30 HPs)
             Began as a Merfolk Fighter on Nov 27, 2019.
             Slain by a goblin
             ... wielding a +3 dagger
             ... led by Robin
              (4 damage)
             ... on level 1 of the Dungeon.
             The game lasted 00:05:08 (1049 turns).

lepoulpe303 the Poker (Merfolk Fighter)             Turns: 1049, Time: 00:05:09

Health: -1/30      AC:  6    Str: 17    XL:     3   Next: 79%
Magic:  3/3        EV:  7    Int:  7    God:
Gold:   59         SH:  9    Dex: 13    Spells: 2/2 levels left

rFire    . . .     SeeInvis .   a - +0 trident
rCold    . . .     Gourm    .   c - +0 shield
rNeg     . . .     Faith    .   b - +0 scale mail
rPois    .         Spirit   .   (no helmet)
rElec    .         Reflect  .   (no cloak)
rCorr    .         Harm     .   (no gloves)
MR       .....                  (no boots)
Stlth    ..........             (no amulet)
HPRegen  0.10/turn              (no ring)
MPRegen  0.08/turn              (no ring)

@: no status effects
A: change form in water, swift swim, stealthy swim
a: no special abilities


You were on level 1 of the Dungeon.
You were hungry.

You visited 1 branch of the dungeon, and saw 2 of its levels.

You collected 59 gold pieces.

Inventory:

Hand Weapons
 a - a +0 trident (weapon)
Armour
 b - a +0 scale mail (worn)
 c - a +0 shield (worn)
Scrolls
 g - a scroll of fear {unknown}
Potions
 d - a potion of might
 h - a potion of heal wounds {unknown}
 i - a potion of curing {unknown}
Comestibles
 e - a ration


   Skills:
 * Level 4.0 Fighting
 * Level 4.1 Polearms
 + Level 2.2 Armour
 + Level 1.4 Dodging
 + Level 3.3 Shields


You had 2 spell levels left.
You didn't know any spells.
Your spell library was empty.

Dungeon Overview and Level Annotations

Branches:
Dungeon (2/15)

Altars:
Xom

Annotations:
D:2 Robin


Message History

You take 5 damage, and have 14/30 hp.
You hit the hobgoblin.
You kill the hobgoblin!
The hobgoblin closely misses you. You block the goblin's attack.
The hobgoblin hits you with a cursed +0 club.
* * * LOW HITPOINT WARNING * * *
Things that are here:
a +0 club; 5 stones; a +0 short sword Your shield and scale mail prevent you from hitting the goblin.
You block the goblin's attack.
The hobgoblin hits you with a cursed +0 club!
* * * LOW HITPOINT WARNING * * *
You take 7 damage, and have 7/30 hp.
MASSIVE DAMAGE!!
You closely miss the goblin. The goblin hits you with a +3 dagger.
* * * LOW HITPOINT WARNING * * *
You take 4 damage, and have 3/30 hp.
You closely miss the goblin. The goblin closely misses you.
The goblin hits you with a +3 dagger.
You die...

.................# ####....# #.#
....##...........# #....##.###.#
....##########.#.# #.....#.....#
....##########...# #.....#####.#
###..........##..# #.....#######
#......[...##..####...........#
##....).....#..g#..#...[.#####.#
#.....###.###.#g#......#.......#
#.#######.###.#@##.#############
#...............)..#
#########.####.##### #......#
########


You could see a hobgoblin and a goblin.

Levels and vault maps discovered:
D:1:      dpeg_arrival_prison, layout_basic, xom_teletrap_fun
D:2:      layout_loops_cross, overflow_temple_1_default, first_ration,
          kennysheep_boxes, uniq_robin, uniq_sigmund

Notes
Turn   | Place    | Note
-------+----------+-------------------------------------------
     0 | D:1      | lepoulpe303 the Merfolk Fighter began the quest for the
                  | Orb.
     0 | D:1      | Reached XP level 1. HP: 18/18 MP: 1/1
    47 | D:1      | Reached XP level 2. HP: 24/24 MP: 2/2
   101 | D:1      | Identified a +0 club
   187 | D:1      | Identified a +0 club
   188 | D:1      | Identified a +0 club
   190 | D:1      | Reached skill level 1 in Dodging
   276 | D:1      | Identified a +0 dagger
   303 | D:1      | Found a shimmering altar of Xom.
   355 | D:1      | Reached XP level 3. HP: 30/30 MP: 3/3
   363 | D:1      | Identified a +0 dagger
   402 | D:1      | Identified a +0 dagger
   402 | D:1      | Identified a +1 dagger of holy wrath
   422 | D:1      | Identified a +0 short sword
   479 | D:1      | Reached skill level 4 in Polearms
   681 | D:1      | Identified a +0 leather armour
   899 | D:1      | Reached skill level 4 in Fighting
  1035 | D:2      | Identified a +0 falchion
  1035 | D:2      | Identified a +0 animal skin
  1035 | D:2      | Identified a +0 helmet
  1035 | D:2      | Noticed Robin
  1035 | D:2      | Identified a +0 dagger
  1035 | D:2      | Identified a +0 dagger
  1035 | D:2      | Identified a +1 hunting sling of flaming
  1035 | D:2      | Identified a +0 club
  1035 | D:2      | Identified a +0 club
  1035 | D:2      | Identified a +0 dagger
  1035 | D:2      | Identified a cursed +0 club
  1035 | D:2      | Identified a +3 dagger
  1046 | D:1      | HP: 7/30 [hobgoblin/cursed +0 club[Robin] (7)]
  1048 | D:1      | HP: 3/30 [goblin/+3 dagger[Robin] (4)]
  1049 | D:1      | Slain by a goblin

Table legend:
 A = Turns spent in this place as a percentage of turns spent in the entire game.
 B = Non-inter-level travel turns spent in this place as a percentage of non-inter-level travel turns spent in the entire game.
 C = Inter-level travel turns spent in this place as a percentage of turns spent in this place.
 D = Turns resting spent in this place as a percentage of non-inter-level travel turns spent in this place.
 E = Turns spent auto-exploring this place as a percentage of non-inter-level travel turns spent in this place.
 F = Non-inter-level travel turns spent in this place divided by the number of levels of this place that you've seen.
                   A       B       C       D       E      F
               +-------+-------+-------+-------+-------+----------------------
         Total | 100.0 | 100.0 |   1.5 |  23.1 |  51.0 | 516.5
       Dungeon | 100.0 | 100.0 |   1.5 |  23.1 |  51.0 | 516.5
               +-------+-------+-------+-------+-------+----------------------

Table legend:
 A = Kills in this place as a percentage of kills in entire the game.
 B = Kills by you in this place as a percentage of kills by you in the entire game.
 C = Kills by friends in this place as a percentage of kills by friends in the entire game.
 D = Other kills in this place as a percentage of other kills in the entire game.
 E = Experience gained in this place as a percentage of experience gained in the entire game.
 F = Experience gained in this place divided by the number of levels of this place that you have seen.
                   A       B       C       D       E      F
               +-------+-------+-------+-------+-------+----------------------
         Total | 100.0 | 100.0 |   N/A |   N/A | 100.0 |  36.0
       Dungeon | 100.0 | 100.0 |   N/A |   N/A | 100.0 |  36.0
               +-------+-------+-------+-------+-------+----------------------

Skill      XL: |  1  2  3 |
---------------+----------+-----
Dodging        | 1 |  1.4
Polearms       | 4 |  4.1
Fighting       | 4 |  4.0
Armour         | |  2.2
Shields        | |  3.3

Action                   || total
-------------------------++-------
Melee: Trident           ||   163
Armor: Scale mail        ||    57
Dodge: Dodged            ||    39
Block: Shield            ||    82

Vanquished Creatures
  An ooze (D:1)
  A dart slug (D:1)
  A leopard gecko (D:1)
  5 giant cockroaches (D:1)
  11 goblins
  2 hobgoblins (D:1)
  4 jackals (D:1)
  A bat (D:1)
  5 frilled lizards (D:1)
  2 kobolds (D:1)
  8 rats (D:1)
41 creatures vanquished.
